 Seeded DCSS version 0.30.0-13-g156ef70053 (webtiles) character file.

Game seed: 5 (custom seed)

1764 Kazon the Covert (level 9, -6/57 HPs)
             Began as an Octopode Brigand on May 17, 2023.
             Was a Priest of Okawaru.
             Mangled by a two-headed ogre
             ... wielding a +0 giant spiked club
              (15 damage)
             ... on level 7 of the Dungeon.
             The game lasted 00:22:52 (3646 turns).

Kazon the Covert (Octopode Brigand)                 Turns: 3646, Time: 00:22:52

Health: -6/57      AC:  1    Str: 15    XL:     9   Next: 7%
Magic:  0/21       EV: 10    Int: 13    God:    Okawaru [***...]
Gold:   273        SH: 14    Dex: 19    Spells: 8/8 levels left

rFire   . . .        d - +9 staff of Olgreb {rPois∞}
rCold   . . .        c - +0 tower shield
rNeg    . . .        (helmet restricted)
rPois   ∞            C - amulet of guardian spirit
rElec   .            p - ring of magical power
rCorr   .            z - +6 ring of dexterity
SInv    .            (no ring)
Will    .....        (no ring)
Stlth   +++++        (no ring)
HPRegen 0.29/turn    (no ring)
MPRegen 0.17/turn    (no ring)
                     (no ring)

%: guardian spirit
@: no status effects
A: almost no armour, amphibious, 8 rings, camouflage 1, gelatinous body 1,
(nimble swimmer 1), tentacles
a: Renounce Religion, Evoke the Staff of Olgreb, Heroism


You were on level 7 of the Dungeon.
You worshipped Okawaru.
Okawaru was most pleased with you.
You visited 2 branches of the dungeon, and saw 8 of its levels.

You collected 273 gold pieces.

Inventory:

Hand Weapons
 a - a +2 dagger
 d - the +9 staff of Olgreb (weapon) {rPois∞}
   (You acquired it on level 1 of the Dungeon)

   It enhances your poison magic.
   It grants immunity to poison.
   It can be activated via the 'a'bility menu to radiate toxic energy, with
   effectiveness depending on Evocations skill.
 t - the +2 sling "Qeuhanocyt" {speed, rElec Str-3 Dex+2}
   (You found it on level 3 of the Dungeon)

   Str:       It affects your strength (-3).
   Dex:       It affects your dexterity (+2).
   rElec:     It insulates you from electricity.
 v - a +2 vampiric dagger
Missiles
 b - 12 poisoned darts
 e - 17 stones (quivered)
 f - 5 boomerangs
 i - 3 curare-tipped darts
Armour
 c - a +0 tower shield (worn)
Jewellery
 p - a ring of magical power (left tentacle)
 z - a +6 ring of dexterity (right tentacle)
 C - an amulet of guardian spirit (around mantle)
Wands
 y - a wand of paralysis (8)
Scrolls
 k - a scroll of blinking {unknown}
 l - 2 scrolls of teleportation {unknown}
 m - 2 scrolls of magic mapping {unknown}
 n - a scroll of summoning {unknown}
 o - 2 scrolls of identify {unknown}
 w - a scroll of torment {unknown}
 x - a scroll of amnesia {unknown}
 A - a scroll of poison {unknown}
 E - a scroll of enchant armour {unknown}
Potions
 g - a potion of magic {unknown}
 h - a potion of resistance {unknown}
 j - 3 potions of curing {unknown}
 q - 4 potions of flight {unknown}
 r - a potion of berserk rage {unknown}
 s - 2 potions of invisibility {unknown}
 u - 2 potions of heal wounds {unknown}
 B - a potion of lignification {unknown}
 D - a potion of attraction {unknown}


   Skills:
 + Level 3.5 Fighting
 + Level 2.1 Short Blades
 + Level 4.3 Staves
 + Level 3.9 Throwing
 + Level 3.1 Dodging
 + Level 8.7 Stealth
 + Level 3.3 Shields
 * Level 4.3 Invocations
 * Level 4.8 Evocations


You had 8 spell levels left.
You didn't know any spells.
Your spell library contained the following spells:

 Spells                   Type           Power      Damage    Failure   Level
 Frozen Ramparts          Ice            0%         1d1       100%        3
 Ignite Poison            Fire/Tmut/Pois 0%         N/A       100%        3
 Ice Form                 Ice/Tmut       0%         N/A       100%        4
 Sticky Flame             Conj/Fire      0%         2d3       100%        4
 Eringya's Noxious Bog    Tmut/Pois      0%         N/A       100%        6
 Ignition                 Fire           0%         3d3       100%        8
 Summon Ice Beast         Ice/Summ       Unusable   N/A       N/A         4
 Summon Forest            Summ/Tloc      Unusable   N/A       N/A         5
 Summon Hydra             Summ           Unusable   N/A       N/A         7

Dungeon Overview and Level Annotations

Branches:
Dungeon (7/15)             Temple (1/1) D:4

Altars:
Dithmenos
Fedhas
Hepliaklqana
Okawaru
Qazlal
Trog
Uskayaw
Wu Jian
Xom
Yredelemnul
The Shining One


Innate Abilities, Weirdness & Mutations

You cannot wear most types of armour.
You are amphibious.
You can wear up to eight rings at the same time.
Your skin changes colour to match your surroundings (Stealth+).
Your rubbery body absorbs attacks. (AC +1, EV +1)
((You are camouflaged when in or above water. (Stealth+)))
You have tentacles for arms and can constrict up to eight enemies at once.


Message History

You hear an angry buzzing noise. x2
A killer bee comes into view.
A killer bee comes into view.
You begin to radiate toxic energy.
The killer bee is poisoned.
The two-headed ogre is poisoned.
The killer bee looks even sicker.
The two-headed ogre looks even sicker.
You block the killer bee's attack.
You hit the killer bee.
You envenom the killer bee.
The killer bee looks even sicker.
Your grab misses the killer bee.
The killer bee is severely wounded.
The killer bee is poisoned.
You kill the killer bee!
Okawaru accepts your kill.
The two-headed ogre looks even sicker.
The killer bee stings you!
The killer bee looks even sicker.
The killer bee is poisoned.
Your toxic aura wanes.
A killer bee comes into view.
The two-headed ogre hits you with a +0 giant spiked club!!
You block the two-headed ogre's attack. The killer bee closely misses you.
You hit the two-headed ogre but do no damage.
Your squeeze misses the two-headed ogre.
The two-headed ogre is lightly wounded.
The killer bee closely misses you. You block the killer bee's attack.
You block the two-headed ogre's attack. The two-headed ogre closely misses you.
The killer bee barely misses you.
You thump the killer bee! Your grab misses the killer bee.
The killer bee is heavily wounded.
You block the killer bee's attack. x2; The two-headed ogre barely misses you.
The two-headed ogre hits you with a +0 giant club!!
You block the killer bee's attack.
Unknown command.
You miss the killer bee. Your grab misses the killer bee.
The killer bee is heavily wounded.
You kill the killer bee!
Okawaru accepts your kill. You block the killer bee's attack.
The killer bee stings you!
* * * LOW HITPOINT WARNING * * *
The two-headed ogre hits you with a +0 giant spiked club!
* * * LOW HITPOINT WARNING * * *
The two-headed ogre hits you with a +0 giant club!!
You die...

#.######### #. #.# #.
#.# #. #.# #. #[# #.
#.# # #. #.#######
....##.######........
........yO@y.........
######.#.####)#######
#.#.# #.# ..y.# #.#
.....# #.# #...y.#
#.# #.$<..# ...
#..y.## #.# #.... #.#


You could see a two-headed ogre (very poisoned) and 2 killer bees.

Vanquished Creatures
  Sigmund (D:4)
  Duvessa (D:6)
  A water moccasin (D:6)
  2 black bears (D:4)
  2 centaurs
  An ogre (D:5)
  2 scorpions
  2 killer bees (D:7)
  Dowan (D:6)
  A howler monkey (D:6)
  4 hounds
  A jelly (D:5)
  3 orc priests (D:6)
  6 iguanas
  4 orc wizards (D:6)
  4 gnolls (D:5)
  9 adders
  2 ufetubi
  3 worms
  14 orcs
  4 bats
  9 endoplasms
  A giant cockroach (D:1)
  12 goblins
  7 hobgoblins
  11 jackals
  3 kobolds
  3 quokkas (D:4)
  6 ball pythons
  3 frilled lizards
  4 rats
127 creatures vanquished.

Notes
Turn   | Place    | Note
-------+----------+-------------------------------------------
     0 | D:1      | Kazon the Octopode Brigand began the quest for the Orb.
     0 | D:1      | Reached XP level 1. HP: 14/14 MP: 1/1
    73 | D:1      | Identified a scroll of acquirement
    73 | D:1      | Acquired the +9 staff of Olgreb {rPois∞}
    73 | D:1      | Found the +9 staff of Olgreb {rPois∞}
    92 | D:1      | Reached XP level 2. HP: 19/19 MP: 2/2
   158 | D:1      | Reached skill level 6 in Stealth
   426 | D:1      | Reached XP level 3. HP: 24/24 MP: 3/3
   848 | D:2      | Reached skill level 1 in Evocations
  1068 | D:2      | Reached XP level 4. HP: 22/29 MP: 4/4
  1569 | D:3      | Found a blossoming altar of Fedhas.
  1595 | D:3      | Reached skill level 1 in Staves
  1595 | D:3      | Reached XP level 5. HP: 34/34 MP: 5/5
  1774 | D:3      | Found a stormy altar of Qazlal.
  1839 | D:3      | Found a faded altar of an unknown god.
  2023 | D:3      | Identified the +2 sling "Qeuhanocyt" {speed, rElec Str-3
                  | Dex+2}
  2056 | D:4      | Found a staircase to the Ecumenical Temple.
  2065 | Temple   | Entered the Ecumenical Temple
  2080 | Temple   | Became a worshipper of Warmaster Okawaru
  2142 | D:4      | Noticed Sigmund
  2149 | D:4      | Killed Sigmund
  2149 | D:4      | Reached * piety under Okawaru
  2150 | D:4      | Reached skill level 7 in Stealth
  2150 | D:4      | Reached skill level 1 in Shields
  2150 | D:4      | Reached skill level 1 in Invocations
  2150 | D:4      | Reached XP level 6. HP: 41/41 MP: 6/6
  2166 | D:4      | Noticed a black bear
  2176 | D:4      | Killed a black bear
  2209 | D:4      | Noticed a black bear
  2217 | D:4      | Killed a black bear
  2218 | D:4      | Reached XP level 7. HP: 25/45 MP: 8/8
  2481 | D:4      | Found a hazy altar of Hepliaklqana.
  2484 | D:4      | Found a shadowy altar of Dithmenos.
  2484 | D:4      | Noticed a shadow
  2772 | D:5      | Entered Level 5 of the Dungeon
  2879 | D:5      | Reached ** piety under Okawaru
  2979 | D:5      | Reached skill level 8 in Stealth
  2995 | D:5      | Reached XP level 8. HP: 52/52 MP: 10/10
  3246 | D:6      | Found a shimmering altar of Xom.
  3384 | D:6      | Noticed Duvessa
  3385 | D:6      | Noticed Dowan
  3393 | D:6      | Killed Dowan
  3396 | D:6      | Killed Duvessa
  3629 | D:7      | Reached *** piety under Okawaru
  3630 | D:7      | Reached XP level 9. HP: 51/57 MP: 12/12
  3636 | D:7      | Noticed a two-headed ogre
  3646 | D:7      | Mangled by a two-headed ogre

Illustrated notes

Levels and vault maps discovered:
D:1:      ebering_trefoil_3fold, layout_basic, st_stairs_14, serial_bayou_ford_a
D:2:      layout_basic, hangedman_decor_growths, minmay_close_crescents
D:3:      layout_rooms, mainiacjoe_overflow_concentric_impassable,
          mainiacjoe_overflow_paths, shapermc_ecumenical_altar_acropolis,
          chequers_serial_rivers_micro_b
D:4:      layout_basic, riverfiend_overflow_shadow_ancestor,
          minmay_temple_entry_glass, uniq_sigmund
D:5:      layout_gridville
D:6:      layout_basic, xom_teletrap_fun, uniq_duvessa
D:7:      layout_loops_ring, enter_ossuary_3, roderic_batcave
Temple:   nicolae_temple_elliptical

Skill      XL: |  1  2  3  4  5  6  7  8 |
---------------+-------------------------+-----
Stealth        | 6 7 8 |  8.7
Evocations     | 1 2 3 4 |  4.8
Staves         | 1 2 3 4 |  4.3
Shields        | 1 2 3 |  3.3
Invocations    | 1 2 4 |  4.3
Throwing       | 3 |  3.9
Dodging        | 2 3 |  3.1
Fighting       | 3 |  3.5
Short Blades   | |  2.1

Action                     |  1- 3 |  4- 6 |  7- 9 || total
---------------------------+-------+-------+-------++-------
  Melee: Dagger            |    21 |       |       ||    21
         Tentacles         |     9 |    11 |    18 ||    38
         Constrict         |    13 |    11 |    20 ||    44
         Staff             |    42 |    50 |    82 ||   174
         Punch             |       |     1 |     1 ||     2
  Throw: Dart              |    11 |       |     6 ||    17
         Boomerang         |       |    11 |       ||    11
         Stone             |       |       |    30 ||    30
 Invoke: Heroism           |       |       |     1 ||     1
Ability: Evoke the Staff o |       |     3 |     8 ||    11
    Use: Scroll            |     3 |       |       ||     3
   Stab: Sleeping          |    11 |    11 |     3 ||    25
         Distracted        |       |       |     1 ||     1
 Armour: Skin              |     3 |     1 |     4 ||     8
  Dodge: Dodged            |    17 |    18 |    31 ||    66
  Block: Tower shield      |    13 |    20 |    66 ||    99
